 Dungeon Crawl Stone Soup version 0.18-a0-1140-g8540535 (webtiles) character file.

42 st0uf the Insei (level 3, -1/28 HPs)
             Began as a Draconian Transmuter on Jan 21, 2016.
             Slain by a hound (5 damage)
             ... on level 6 of the Dungeon.
             The game lasted 00:10:02 (1226 turns).

st0uf the Insei (Draconian Transmuter)              Turns: 1226, Time: 00:10:02

Health: -1/28      AC:  6    Str: 12    XL:     3   Next: 35%
Magic:  6/6        EV: 12    Int: 13    God:
Gold:   158        SH:  0    Dex: 12    Spells: 3 memorised, 2 levels left

rFire  . . .     SeeInvis .       - Unarmed
rCold  . . .     Gourm    .     (armour unavailable)
rNeg   . . .     Faith    .     (no shield)
rPois  .         Spirit   .     (helmet restricted)
rElec  .         Dismiss  .     j - +0 cloak
rCorr  .         Reflect  .     (no gloves)
SustAt .         Harm     .     (no boots)
MR     .....                    (no amulet)
Stlth  +.........               (no ring)
                                (no ring)

@: appendage (expiring), flying, not resistant to hostile enchantments, very
unstealthy
A: unfitting armour, big wings, horns 2, mutation resistance 1, sense
surroundings 1, cold-blooded, AC +5
a: Fly, End Transformation


You were on level 6 of the Dungeon.
You were hungry.
You had grown temporary horns.
You visited 1 branch of the dungeon, and saw 6 of its levels.

You collected 158 gold pieces.

Inventory:

Missiles
 a - 12 arrows
Armour
 j - a +0 cloak (worn)
Jewellery
 m - an uncursed amulet of the gourmand {unknown}
Scrolls
 e - a scroll of noise {unknown}
 g - 2 scrolls of enchant weapon {unknown}
 i - a scroll of amnesia {unknown}
 k - a scroll of identify {unknown}
Books
 b - a book of Changes

   Spells                             Type                      Level
   a - Beastly Appendage              Transmutation                1
   b - Sticks to Snakes               Transmutation                2
   c - Spider Form                    Transmutation/Poison         3
   d - Ice Form                       Ice/Transmutation            4
   e - Blade Hands                    Transmutation                5
 l - a book of Cantrips

   Spells                             Type                      Level
   a - Corona                         Hexes                        1
   b - Animate Skeleton               Necromancy                   1
   c - Summon Small Mammal            Summoning                    1
   d - Apportation                    Translocation                1
Comestibles
 c - a bread ration


   Skills:
 + Level 1.1 Fighting
 + Level 2.0 Dodging
 * Level 3.5 Unarmed Combat
 + Level 2.2 Spellcasting
 * Level 2.8 Transmutations


You had 2 spell levels left.
You knew the following spells:

 Your Spells              Type           Power        Failure   Level  Hunger
a - Beastly Appendage     Trmt           #.....       10%         1    ##.....
b - Sticks to Snakes      Trmt           #.......     14%         2    ###....
c - Apportation           Tloc           #.........   24%         1    ##.....


Dungeon Overview and Level Annotations

Branches:
Dungeon (6/15)
 Temple: D:4-7

Altars:
Nemelex Xobeh
Okawaru

Annotations:
D:3 WhatIsLove's ghost, weakling DsGl
D:5 Prince Ribbit


Innate Abilities, Weirdness & Mutations

Your plain brown scales are hard (AC +5).
Your body does not fit into most forms of armour.
You are cold-blooded and may be slowed by cold attacks.
Your large and strong wings let you fly indefinitely.
You have a pair of horns on your head.
You are somewhat resistant to further mutation.
You passively map a small area around you.


Message History

The hound barely misses you.
Drink which item? (? for menu, Esc to quit)
It was a potion of mutation.
You feel extremely strange.
You feel a strange attunement to the structure of the dungeons.
Your wings grow larger and stronger.
You feel genetically stable. The hound misses you.
Drink which item? (? for menu, Esc to quit)
It was a potion of flight.
You feel very buoyant.
You fly up into the air.
The hound bites you.
* * * LOW HITPOINT WARNING * * *
The hound misses you.
You hit the hound. You tail-slap the hound.
The hound is severely wounded.
The hound bites you.
* * * LOW HITPOINT WARNING * * *
You closely miss the hound.
The hound is severely wounded.
The hound bites you.
You die...

#.# *,
*
##.##
*
#...#*
,, .$.
**
...**
#a# ,
* #h#
* *
#@# *
#)# ,
#.# ,
#.# *
#..
,,, ,
### *
* , *


You could see a hound and a worker ant.

Vanquished Creatures
  An ooze (D:4)
  A worm (D:2)
  An adder skeleton (D:4)
  A giant gecko (D:1)
  6 orcs
  A giant cockroach (D:1)
  3 goblins (D:1)
  A hobgoblin (D:1)
  2 quokkas
  A ball python (D:5)
  2 bats (D:1)
  A giant newt (D:4)
  3 rats
24 creatures vanquished.

Notes
Turn   | Place    | Note
--------------------------------------------------------------
     0 | D:1      | st0uf the Draconian Transmuter began the quest for the Orb.
     0 | D:1      | Reached XP level 1. HP: 16/16 MP: 3/3
   246 | D:1      | Reached XP level 2. HP: 23/23 MP: 3/5
   531 | D:3      | Found an iron altar of Okawaru.
   532 | D:3      | Noticed WhatIsLove's ghost (weakling DsGl)
   612 | D:4      | Found a sparkling altar of Nemelex Xobeh.
   621 | D:5      | Entered Level 5 of the Dungeon
   688 | D:5      | Reached XP level 3. HP: 28/28 MP: 4/6
   717 | D:5      | Learned a level 2 spell: Sticks to Snakes
   719 | D:5      | Learned a level 1 spell: Apportation
   730 | D:5      | Noticed Prince Ribbit
  1223 | D:6      | Gained mutation: You passively map a small area around you. [potion of mutation]
  1223 | D:6      | Gained mutation: Your large and strong wings let you fly indefinitely. [potion of mutation]
  1223 | D:6      | Gained mutation: You are somewhat resistant to further mutation. [potion of mutation]
  1226 | D:6      | Slain by a hound

Vault maps used:
D:1:      dpeg_arrival_chase
D:3:      old_standard_altar, first_bread, okawaru_metal_pillars_3,
          uniq_jessica, uniq_grinder
D:4:      nemelex_deck, nicolae_overflow_hidden_temple, kennysheep_mini,
          minmay_temple_entry_mist
D:5:      dk_noncrumbling_2, uniq_prince_ribbit1
D:6:      nicolae_zen_rock_garden, uniq_blork_the_orc, uniq_eustachio,
          uniq_sigmund

Action                   || total
-------------------------++-------
Melee: Unarmed           ||   154
 Cast: Beastly Appendage ||    24
  Use: Potion            ||     2
  Eat: Chunk             ||     1
